 Dungeon Crawl Stone Soup version 0.21-a0-581-gb7d493ddfc (webtiles) character file.

63 MrRokkomies the Bolt Thrower (level 4, 0/28 HPs)
             Began as a Kobold Hunter on Dec 19, 2017.
             Slain by a worm (6 damage)
             ... on level 2 of the Dungeon.
             The game lasted 00:03:08 (1665 turns).

MrRokkomies the Bolt Thrower (Kobold Hunter)        Turns: 1665, Time: 00:03:09

Health: 0/28       AC:  7    Str: 10    XL:     4   Next: 30%
Magic:  4/4        EV: 13    Int: 12    God:
Gold:   44         SH:  0    Dex: 15    Spells: 3/3 levels left

rFire    . . .     SeeInvis .   e - -3 hand axe (curse)
rCold    . . .     Gourm    .   (shield restricted)
rNeg     . . .     Faith    .   g - +1 ring mail
rPois    .         Spirit   .   (no helmet)
rElec    .         Reflect  .   (no cloak)
rCorr    .         Harm     .   h - +0 pair of gloves
MR       .....                  (no boots)
Stlth    +.........             (no amulet)
HPRegen  0.09/turn              (no ring)
MPRegen  0.09/turn              (no ring)

@: no status effects
A: small, carnivore
a: no special abilities


You were on level 2 of the Dungeon.
You were not hungry.

You visited 1 branch of the dungeon, and saw 2 of its levels.

You collected 44 gold pieces.

Inventory:

Hand Weapons
 a - a +1 hand crossbow
 b - a +0 short sword
 e - a cursed -3 hand axe (weapon)
Missiles
 d - 19 bolts
Armour
 g - a +1 ring mail (worn)
 h - a +0 pair of gloves (worn)
Potions
 c - 2 potions of brilliance
 i - a potion of resistance
 j - a potion of lignification
 k - 3 potions of might
 l - a potion of curing {unknown}
Comestibles
 f - a ration


   Skills:
 * Level 3.6 Fighting
 * Level 5.8 Crossbows
 - Level 2.4 Dodging
 - Level 1.3 Stealth


You had 3 spell levels left.
You didn't know any spells.

Dungeon Overview and Level Annotations

Branches:
Dungeon (2/15)

Altars:


Innate Abilities, Weirdness & Mutations

You are small and have problems with some larger weapons.
You are carnivorous and can eat meat at any time.


Message History

The worm closely misses you.
You hit the worm.
The worm is severely wounded.
The worm bites you.
* * * LOW HITPOINT WARNING * * *
You hit the worm but do no damage.
The worm is severely wounded.
Your ring mail prevents you from hitting the worm.
The worm is severely wounded.
The worm closely misses you.
You hit the worm.
The worm is severely wounded.
The worm bites you but does no damage.
You hit the worm but do no damage.
The worm is severely wounded.
The worm bites you but does no damage.
You barely miss the worm.
The worm is heavily wounded.
The worm bites you.
You die...

##.....#
7777...777
7.7777.7
#.....#
777.7.7777.7
7.7 #.....#
77..7.77.77
77.7 #####.#
7..77...77
7.77 #.#
77.7777777
77.7 #.#
77..7 7.77
#.# 7.777
77.7 #.# 7)7
7.77 #.# 7@7
77777.7 #.#


7w77 7.77.77 #.# 7. 777.(.77 #.# 7. 77.)†777 #.# .7 7(...77 #.# . 7.....7 #.# >7
7....77 #†# 7 77.)7.7 #.# 777777 ### You could see a worm.

Vanquished Creatures
  2 oozes (D:2)
  A worm (D:2)
  2 dart slugs
  3 giant cockroaches
  8 goblins
  3 hobgoblins (D:1)
  5 jackals (D:1)
  6 kobolds
  3 ball pythons
  6 bats (D:1)
  3 frilled lizards
  5 rats
47 creatures vanquished.

Notes
Turn   | Place    | Note
-------+----------+-------------------------------------------
     0 | D:1      | MrRokkomies the Kobold Hunter began the quest for the Orb.
     0 | D:1      | Reached XP level 1. HP: 12/12 MP: 1/1
   188 | D:1      | Reached skill level 5 in Crossbows
   195 | D:1      | Reached XP level 2. HP: 16/18 MP: 2/2
   435 | D:1      | Reached XP level 3. HP: 11/23 MP: 3/3
  1188 | D:2      | Reached XP level 4. HP: 28/28 MP: 4/4
  1665 | D:2      | Slain by a worm

Vault maps used:
D:1:      matt_arrival_los_fun
D:2:      kb_forest_paths, xom_teletrap_fun, uniq_crazy_yiuf_cottage

Skill      XL: |  1  2 |
---------------+-------+-----
Crossbows      | 5 |  5.8
Fighting       | 3 |  3.6
Dodging        | |  2.4
Stealth        | |  1.3

Action                   |  1- 3 |  4- 6 || total
-------------------------+-------+-------++-------
Melee: Short sword       |   136 |     7 ||   143
       Hand axe          |       |    46 ||    46
 Fire: Hand crossbow     |     9 |       ||     9
  Use: Scroll            |     6 |     2 ||     8
 Stab: Sleeping          |     2 |       ||     2
  Eat: Chunk             |     2 |     3 ||     5
Armor: Ring mail         |    57 |    10 ||    67
Dodge: Dodged            |   112 |    29 ||   141

Table legend:
 A = Spawn XP
 B = Non-spawn XP
 C = Spawn XP percentage of total XP
 D = Spawn monster count
 E = Non-spawn monster count
 F = Spawn count percentage of total count
 G = Total turns spent on level
                    A         B        C        D         E        F      G
               +---------+---------+-------+---------+---------+-------+---------
         Total |       0 |      90 |   0.0 |       0 |      47 |   0.0 |  1665
               +---------+---------+-------+---------+---------+-------+---------
           D:1 |       0 |      51 |   0.0 |       0 |      30 |   0.0 |  1039
           D:2 |       0 |      39 |   0.0 |       0 |      17 |   0.0 |   626
               +---------+---------+-------+---------+---------+-------+---------
